cohdb
Replays
Latest Replays
All Replays
Popular Replays
Top Player Replays
Match Explorer
How It Works
Community
CoH3 Stats
Reddit
Sign in to upload your games and track your stats! →
Sign in with Steam
Match 40966719
Unlisted
Match 40966719
Overview
Messages
Build Orders
End
Kradschützen Motorcycle Team
Panzergrenadier Squad
Panzergrenadier Squad
Panzergrenadier Squad
Construct Light Support Kompanie
Fire Support Elements
Flakvierling Half-track
Panzerjäger Mechanized Group
Combat Half-tracks
Construct Panzerarmee Kommand
MG34 Team
Pak 38 Anti-tank Gun Team
Selects Italian Infantry
Selects Guastatori Squad
Selects Registered Artillery
Guastatori Squad
Flak 36 Anti-tank Gun Team
Pak 38 Mechanized Group
Registered Artillery
Flak 36 Anti-tank Gun Team
Registered Artillery
Registered Artillery
Selects Sound the Alarm
Selects Prepared Positions
Selects Obice 305mm Barrage
Obice 305mm Barrage
Registered Artillery
Roamin
yapster
HIMYNAMEISHO
Squigergy
bloodstark
Swat5.1
StarHammer
갈새
0
0
Comments
sign in to comment!
No comments posted yet!